 Dungeon Crawl Stone Soup version 0.23-b1-84-g6588a6b (webtiles) character file.

Game seed: 2905582319340404295

7384 wonker the Basher (level 11, -1/67 HPs)
             Began as a Gargoyle Fighter on Feb 7, 2019.
             Was a High Priest of Nemelex Xobeh.
             Killed by divine providence
             ... invoked by an orc priest
              (13 damage)
             ... on level 10 of the Dungeon.
             The game lasted 00:23:26 (7703 turns).

wonker the Basher (Gargoyle Fighter)                Turns: 7703, Time: 00:23:27

Health: -1/67      AC: 18    Str: 26 (27) XL:     11   Next: 14%
Magic:  11/11      EV: 12    Int:  8      God:    Nemelex Xobeh [*****.]
Gold:   682        SH:  0    Dex: 11      Spells: 10/10 levels left

rFire    . . .     SeeInvis .   A - +4 great sword (flame)
rCold    . . .     Gourm    .   (shield currently unavailable)
rNeg     + . .     Faith    .   b - +2 scale mail
rPois    ∞         Spirit   .   (no helmet)
rElec    +         Reflect  .   (no cloak)
rCorr    .         Harm     .   (no gloves)
MR       .....                  (no boots)
Stlth    +.........             (no amulet)
HPRegen  0.21/turn              u - ring of stealth
MPRegen  0.12/turn              w - +5 ring of strength

@: about to teleport, very slightly contaminated, invisible
A: big wings, agile 1, negative energy resistance 1, electricity resistance,
weak 1, unbreathing, petrification resistance, rot immunity, AC +8
a: Fly, Draw Escape, Draw Destruction, Draw Summoning, Triple Draw, Deal Four,
Stack Five, Renounce Religion


You were on level 10 of the Dungeon.
You worshipped Nemelex Xobeh.
Nemelex Xobeh was extremely pleased with you.
You were not hungry.

You visited 1 branch of the dungeon, and saw 10 of its levels.

You collected 682 gold pieces.

Inventory:

Hand Weapons
 a - a +1 flail
 A - a +4 great sword of flaming (weapon)
Armour
 b - a +2 scale mail (worn)
 c - a +1 shield
Jewellery
 i - an uncursed ring of magical power {unknown}
 q - an uncursed ring of positive energy
 u - a ring of stealth (left hand)
 w - a +5 ring of strength (right hand)
 z - an uncursed amulet of guardian spirit {unknown}
Wands
 h - a wand of random effects (17)
 v - a wand of iceblast (5)
 x - a wand of polymorph (7)
Scrolls
 g - 2 scrolls of fear
 k - 4 scrolls of magic mapping
 n - 3 scrolls of amnesia
 o - 4 scrolls of teleportation
 y - a scroll of remove curse
Potions
 d - a potion of might
 j - 2 potions of agility
 m - a potion of curing
 p - a potion of flight
 s - a potion of degeneration
 C - a potion of invisibility
Comestibles
 f - 16 rations


   Skills:
 + Level 7.5 Fighting
 + Level 6.1 Long Blades
 + Level 8.9 Maces & Flails
 + Level 8.3 Armour
 + Level 4.0 Dodging
 + Level 1.4 Stealth
 + Level 8.4 Shields


You had 10 spell levels left.
You didn't know any spells.
Your spell library contained the following spells:

 Spells                   Type           Power        Failure   Level  Hunger
 Confusing Touch          Hex            #.....       65%         1    ##.....
 Magic Dart               Conj           #...         65%         1    ##.....
 Shock                    Conj/Air       #...         65%         1    ##.....
 Searing Ray              Conj           #.....       80%         2    ###....
 Swiftness                Chrm/Air       #.......     80%         2    ###....
 Confuse                  Hex            #.......     95%         3    ####...
 Dazzling Spray           Conj/Hex       #.....       95%         3    ####...
 Gell's Gravitas          Tloc           #.........   95%         3    ####...
 Static Discharge         Conj/Air       #.......     95%         3    ####...
 Airstrike                Air            #.........   100%        4    #####..
 Force Lance              Conj/Tloc      #.......     100%        4    #####..
 Fulminant Prism          Conj/Hex       #.........   100%        4    #####..
 Iskenderun's Mystic Bla  Conj           #.......     100%        4    #####..
 Petrify                  Tmut/Erth      #.......     100%        4    #####..
 Lightning Bolt           Conj/Air       #.........   100%        5    ######.
 Metabolic Englaciation   Hex/Ice        #.........   100%        5    ######.
 Yara's Violent Unravell  Hex/Tmut       #.........   100%        5    ######.


Dungeon Overview and Level Annotations

Branches:
Dungeon (10/15)            Temple (0/1) D:7             Orc (0/2) D:9
   Lair: D:8-11

Altars:
Gozag
Nemelex Xobeh
Qazlal

Annotations:
D:8 2 transporters


Innate Abilities, Weirdness & Mutations

You are resistant to torment.
Your stone body is resilient. (AC +8)
You are immune to poison.
You resist negative energy. (rN+)
You are resistant to electric shocks. (rElec)
You can survive without breathing.
You are immune to petrification.
You are immune to rotting.
Your large and strong wings let you fly indefinitely.
You are agile. (Dex +2)
You are weak. (Str -2)


Message History

Wonker's illusion hits the two-headed ogre!!
Wonker's illusion burns the two-headed ogre.
The two-headed ogre dies!
You feel your dexterity returning.
Your Long Blades skill increases to level 6!
Your Dodging skill increases to level 4!
You swap places.
The orc hits you with a +0 hand axe.
* * * LOW HITPOINT WARNING * * *
The orc hits wonker's illusion but does no damage.
You fade into invisibility!
The orc priest misses wonker's illusion.
Wonker's illusion hits the orc!!
Wonker's illusion burns the orc.
The orc dies!
You are very lightly contaminated with residual magic.
As you read the scroll of teleportation, it crumbles to dust.
You feel strangely unstable.
The orc priest mumbles some strange prayers to Beogh against you.
Beogh smites you!
You die...
Your body glows with a rainbow of weird colours and disappears.

### ..## .... #.. ##
#### ###.. .# ....
##...# .#.....
###...)## ##o#.....
#.....@@####o.......
##...##)oo##o.......
### ###..#........
#...<.....#
#...##...... ##.##
..... ### .... ..#
..


You could see an orc warrior, an orc priest and the friendly wonker's illusion.

Vanquished Creatures
  A two-headed ogre (D:9)
  An efreet (D:9)
  4 yaks (D:8)
  Menkaure (D:4)
  A phantom (D:4)
  2 orc warriors (D:9)
  An ice beast (D:8)
  4 ogres
  A centaur (D:9)
  10 big kobolds
  4 bullfrogs
  A gnoll sergeant (D:9)
  2 scorpions
  4 killer bees (D:9)
  2 howler monkeys (D:5)
  7 wights
  6 crimson imps
  3 bullfrog zombies
  A jelly (D:7)
  A bullfrog skeleton (D:5)
  3 orc priests
  5 hounds
  2 iguanas
  Ijyb (D:4)
  4 worker ants
  An orc wizard (D:9)
  A killer bee zombie (D:5)
  A worker ant zombie (D:9)
  10 gnolls (D:3)
  16 adders
  An adder skeleton (D:6)
  2 worms (D:2)
  A ball lightning (D:9)
  3 dart slugs (D:2)
  5 leopard geckos
  7 orcs
  5 giant cockroaches
  31 hobgoblins
  10 jackals
  19 kobolds
  3 quokkas
  A ball python (D:2)
  5 bats
  3 frilled lizards
  27 goblins
  A quokka skeleton (D:2)
  13 rats
238 creatures vanquished.

Vanquished Creatures (collateral kills)
  A two-headed ogre (D:10)
  A warg (D:5)
  2 orc warriors (D:8)
  A phantom (D:5)
  An ice beast (D:5)
  A black bear (D:10)
  An ogre (D:5)
  A scorpion (D:8)
  3 wights (D:8)
  3 orc priests
  An orc wizard (D:9)
  An adder skeleton (D:6)
  6 orcs
  A jackal (D:6)
  A kobold (D:3)
25 creatures vanquished.

Vanquished Creatures (others)
  A troll (D:9)
  3 orc warriors (D:9)
  3 ogres (D:9)
  3 gnoll sergeants (D:9)
  An orc wizard (D:6)
  2 gnolls (D:9)
  A ball lightning (D:4)
  3 orcs (D:9)
17 creatures vanquished.

Grand Total: 280 creatures vanquished

Notes
Turn   | Place    | Note
-------+----------+-------------------------------------------
     0 | D:1      | wonker the Gargoyle Fighter began the quest for the Orb.
     0 | D:1      | Reached XP level 1. HP: 14/14 MP: 1/1
   120 | D:1      | Reached XP level 2. HP: 13/19 MP: 2/2
   444 | D:2      | Reached XP level 3. HP: 23/23 MP: 3/3
   810 | D:2      | Reached XP level 4. HP: 28/28 MP: 4/4
  1045 | D:2      | Found a faded altar of an unknown god.
  1070 | D:2      | Became a worshipper of Nemelex Xobeh the Trickster
  1070 | D:2      | Received a gift from Nemelex Xobeh
  1070 | D:2      | Reached * piety under Nemelex Xobeh
  1090 | D:2      | Reached XP level 5. HP: 33/33 MP: 5/5
  1188 | D:2      | Received a gift from Nemelex Xobeh
  1838 | D:3      | Reached XP level 6. HP: 20/38 MP: 6/6
  1996 | D:3      | Reached skill level 5 in Shields
  2019 | D:3      | Reached skill level 1 in Dodging
  2034 | D:3      | Reached skill level 5 in Maces & Flails
  2034 | D:3      | Reached XP level 7. HP: 15/43 MP: 7/7
  2219 | D:3      | Received a gift from Nemelex Xobeh
  2550 | D:3      | Reached ** piety under Nemelex Xobeh
  2876 | D:4      | Found an opulent altar of Gozag.
  2992 | D:4      | Reached XP level 8. HP: 46/48 MP: 8/8
  3008 | D:4      | Noticed Menkaure
  3009 | D:4      | Noticed Ijyb
  3016 | D:4      | Killed Menkaure
  3020 | D:4      | Killed Ijyb
  3366 | D:4      | Received a gift from Nemelex Xobeh
  3477 | D:5      | Entered Level 5 of the Dungeon
  3515 | D:5      | Reached skill level 5 in Armour
  3958 | D:5      | Reached *** piety under Nemelex Xobeh
  4009 | D:5      | Reached skill level 5 in Fighting
  4280 | D:5      | Received a gift from Nemelex Xobeh
  4419 | D:5      | Reached XP level 9. HP: 15/54 MP: 9/9
  4747 | D:6      | Received a gift from Nemelex Xobeh
  4991 | D:6      | Received a gift from Nemelex Xobeh
  5044 | D:6      | Reached **** piety under Nemelex Xobeh
  5344 | D:7      | Received a gift from Nemelex Xobeh
  5398 | D:7      | Found a staircase to the Ecumenical Temple.
  5800 | D:8      | Found a transporter.
  5801 | D:8      | Noticed a purple ugly thing
  5802 | D:8      | Noticed a necromancer
  5802 | D:8      | Noticed a cyclops
  5953 | D:8      | Found a transporter.
  5994 | D:8      | Received a gift from Nemelex Xobeh
  6224 | D:8      | Reached XP level 10. HP: 17/61 MP: 10/10
  6343 | D:8      | Reached skill level 1 in Long Blades
  6757 | D:9      | Noticed a two-headed ogre
  6760 | D:9      | Killed a two-headed ogre
  6760 | D:9      | Reached skill level 1 in Stealth
  6862 | D:9      | Gained mutation: You are weak. (Str -2) [potion of
                  | mutation]
  6862 | D:9      | Gained mutation: Your large and strong wings let you fly
                  | indefinitely. [potion of mutation]
  6862 | D:9      | Gained mutation: You are agile. (Dex +2) [potion of
                  | mutation]
  7065 | D:9      | Received a gift from Nemelex Xobeh
  7147 | D:9      | Found a stormy altar of Qazlal.
  7179 | D:9      | Found a staircase to the Orcish Mines.
  7180 | D:9      | Reached skill level 5 in Long Blades
  7181 | D:9      | Reached XP level 11. HP: 57/67 MP: 11/11
  7376 | D:9      | Reached ***** piety under Nemelex Xobeh
  7690 | D:10     | Entered Level 10 of the Dungeon
  7692 | D:10     | Noticed a two-headed ogre
  7700 | D:10     | Killed a two-headed ogre
  7703 | D:10     | Killed from afar by an orc priest

Skill      XL: |  1  2  3  4  5  6  7  8  9 10 11 |
---------------+----------------------------------+-----
Shields        | 4 5 6 7 8 |  8.4
Maces & Flails | 3 4 5 7 8 |  8.9
Fighting       | 4 5 6 7 |  7.5
Armour         | 4 5 6 8 |  8.3
Dodging        | 1 2 3 4 |  4.0
Long Blades    | 5 6 |  6.1
Stealth        | 1 |  1.4

Action                   |  1- 3 |  4- 6 |  7- 9 | 10-12 || total
-------------------------+-------+-------+-------+-------++-------
Melee: Flail             |   115 |   344 |   411 |       ||   870
       Great sword       |       |       |    17 |    98 ||   115
 Abil: Draw Summoning    |       |       |     5 |     2 ||     7
       Draw Destruction  |       |       |     5 |     3 ||     8
       Draw Escape       |       |       |       |     1 ||     1
Evoke: Wand              |       |       |     1 |       ||     1
  Use: Scroll            |       |     7 |     7 |     4 ||    18
       Potion            |       |     6 |     2 |     7 ||    15
  Eat: Chunk             |       |     4 |     8 |     2 ||    14
       Ration            |       |       |     2 |     1 ||     3
Armor: Scale mail        |    66 |   195 |   151 |    97 ||   509
Dodge: Dodged            |    38 |   117 |   118 |    91 ||   364
Block: Shield            |    60 |   262 |   247 |       ||   569
       Rpst.: Great sword |       |       |     5 |    28 ||    33
